 Dungeon Crawl Stone Soup version 0.27.1-4-g1640c2035a (webtiles) character file.

Game seed: 11099449625557569599

168 FreshCat the Chopper (level 5, -1/47 HPs)
             Began as a Minotaur Chaos Knight on Nov 2, 2021.
             Was a Plaything of Xom.
             Slain by a gnoll (7 damage)
             ... on level 3 of the Dungeon.
             The game lasted 00:12:07 (3138 turns).

FreshCat the Chopper (Minotaur Chaos Knight)        Turns: 3138, Time: 00:12:07

Health: -1/47      AC:  6    Str: 17    XL:     5   Next: 24%
Magic:  4/4        EV: 11    Int:  9    God:    Xom [..*...]
Gold:   27         SH:  0    Dex: 10    Spells: 4/4 levels left

rFire    . . .     SeeInvis .   a - +0 hand axe (chaos)
rCold    . . .     Faith    .   (no shield)
rNeg     + . .     Spirit   .   b - +2 leather armour
rPois    .         Reflect  .   (helmet restricted)
rElec    .         Harm     .   i - +0 cloak
rCorr    .         Rampage  .   (no gloves)
Will     .....                  (no boots)
Stlth    +.........             (no amulet)
HPRegen  0.15/turn              c - ring of positive energy
MPRegen  0.09/turn              (no ring)

@: no status effects
A: horns 2, retaliatory headbutt
a: Renounce Religion


You were on level 3 of the Dungeon.
You worshipped Xom.
You were a toy of Xom.
You visited 1 branch of the dungeon, and saw 4 of its levels.

You collected 69 gold pieces.
You spent 42 gold pieces at shops.

Inventory:

Hand Weapons
 a - a +0 hand axe of chaos (weapon)
Missiles
 f - 25 stones (quivered)
 l - 4 atropa-tipped darts
Armour
 b - a +2 leather armour (worn)
 i - a +0 cloak (worn)
Jewellery
 c - a ring of positive energy (left hand)
Scrolls
 d - a scroll of teleportation
 g - a scroll of noise
Potions
 e - a potion of curing
 h - a potion of mutation {unknown}
 j - a potion of haste {unknown}
 k - a potion of magic {unknown}


   Skills:
 + Level 4.5 Fighting
 + Level 4.9 Axes
 + Level 1.4 Throwing
 + Level 3.5 Armour
 + Level 1.8 Dodging
 + Level 1.4 Stealth


You had 4 spell levels left.
You didn't know any spells.
Your spell library contained the following spells:

 Spells                   Type           Power      Damage    Failure   Level
 Corona                   Hex            0%         N/A       43%         1
 Ensorcelled Hibernation  Hex/Ice        0%         N/A       58%         2
 Tukima's Dance           Hex            0%         N/A       82%         3
 Animate Dead             Necr           0%         N/A       99%         4
 Eringya's Noxious Bog    Tmut/Pois      0%         N/A       100%        6
 Simulacrum               Ice/Necr       0%         N/A       100%        6


Dungeon Overview and Level Annotations

Branches:
Dungeon (4/15)
 Temple: D:4-7

Altars:

Shops:
D:3 *

Annotations:
D:2 exclusion: 2 downstairs
D:3 3 exclusions, Sigmund


Innate Abilities, Weirdness & Mutations

You have a pair of horns on your head.
You reflexively headbutt those who attack you in melee.


Message History

Your surroundings suddenly seem different.
There is a stone staircase leading up, spattered with blood here.
There is a stone staircase leading down here.
You climb downwards.
The jackal barks!
The gnoll closely misses you.
The jackal bites you but does no damage.
The jackal bites you. The gnoll hits you but does no damage.
The jackal bites you. The gnoll completely misses you. The jackal misses you.
The worm closely misses you.
There is a stone staircase leading up, spattered with blood here.
The jackal barely misses you. x2; You furiously retaliate!
You headbutt the jackal.
You kill the jackal!
The gnoll closely misses you. The gnoll hits you with a +0 club.
You climb upwards.
Level annotation: 3 exclusions, Sigmund
There is a stone staircase leading down here.
You hit the worm.
The worm is lightly wounded.
You closely miss the jackal. You hit the gnoll but do no damage.
The gnoll seems to grow stronger.
The jackal misses you. The worm bites you! The gnoll hits you with a +0 club!
You are too injured to fight recklessly!
The jackal bites you but does no damage.
You hit the gnoll.
The gnoll suddenly seems more agile.
Your headbutt misses the gnoll.
The gnoll is moderately wounded.
You hit the jackal. The jackal closely misses you.
The jackal barely misses you. The gnoll hits you but does no damage.
You barely miss the gnoll.
The gnoll is moderately wounded.
You hit the jackal but do no damage.
The jackal is poisoned.
The jackal misses you. The gnoll hits you with a +0 club!
* * * LOW HITPOINT WARNING * * *
You miss the gnoll.
The gnoll is moderately wounded.
You closely miss the jackal. The jackal misses you.
The gnoll hits you with a +0 club!
You die...

#......>.# #........#
#.....# .......###
....#.. ...
#..####### #
.........#
...#....wg##
..........h@#
..#..##.###.### ####.
... #.# .).#. .# #.#
... .##.######.# ...
...........######
.#.##...#.....<)....#
.#..................#
.#.#................#


You could see a worm, a gnoll (strong, agile) and a jackal (very poisoned).

Vanquished Creatures
  A gnoll shaman (D:2)
  A hound (D:2)
  An adder (D:3)
  3 gnolls
  3 worms (D:2)
  4 dart slugs
  8 ball pythons
  3 endoplasms
  3 giant cockroaches (D:1)
  6 goblins
  5 hobgoblins
  A jackal (D:4)
  A quokka (D:1)
  9 bats
  3 frilled lizards
  2 kobolds (D:2)
  4 rats
58 creatures vanquished.

Notes
Turn   | Place    | Note
-------+----------+-------------------------------------------
     0 | D:1      | FreshCat the Minotaur Chaos Knight began the quest for the
                  | Orb.
     0 | D:1      | Reached XP level 1. HP: 19/19 MP: 0/0
    70 | D:1      | Reached XP level 2. HP: 26/27 MP: 1/1
   160 | D:2      | XOM: potion effect (haste)
   258 | D:1      | XOM: silly message
   427 | D:1      | XOM: silly message
   514 | D:1      | XOM: silly message
   520 | D:1      | XOM: silly message
   521 | D:1      | Got Ycyeli's Guide on Dark Magic and Transmutation
   538 | D:1      | Reached XP level 3. HP: 33/33 MP: 2/2
  1338 | D:2      | Found a faded altar of an unknown god.
  1349 | D:2      | XOM: silly message
  1533 | D:2      | XOM: silly message
  1983 | D:2      | XOM: silly message
  2075 | D:2      | Reached skill level 1 in Stealth
  2075 | D:2      | Reached XP level 4. HP: 11/40 MP: 3/3
  2310 | D:3      | Noticed Sigmund
  2389 | D:2      | Reached skill level 1 in Throwing
  2845 | D:2      | Reached XP level 5. HP: 44/47 MP: 4/4
  2892 | D:3      | Found Cuugrug Zul's General Store.
  2901 | D:3      | XOM: 5-stop teleportation journey
  2942 | D:3      | Bought a scroll of teleportation for 42 gold pieces
  3116 | D:3      | XOM: 2-stop teleportation journey
  3138 | D:3      | Slain by a gnoll

Illustrated notes

Levels and vault maps discovered:
D:1:      lemuel_arrival_lava_pool, layout_basic
D:2:      layout_basic, chequers_ecumenical_altar_simple, hex_medium
D:3:      layout_basic, serial_shops, nicolae_lakefront_shop,
          nicolae_shop_waterfront, uniq_sigmund
D:4:      layout_loops_cross, minmay_temple_entry_statues_fountains

Skill      XL: |  1  2  3  4 |
---------------+-------------+-----
Fighting       | 4 |  4.5
Axes           | 4 |  4.9
Armour         | 3 |  3.5
Stealth        | 1 |  1.4
Throwing       | 1 |  1.4
Dodging        | |  1.8

Action                   |  1- 3 |  4- 6 || total
-------------------------+-------+-------++-------
Melee: Hand axe          |   108 |    29 ||   137
       Headbutt          |    16 |     4 ||    20
Throw: Stone             |    43 |     5 ||    48
  Use: Scroll            |     2 |     1 ||     3
       Potion            |       |     1 ||     1
 Stab: Petrified         |     7 |       ||     7
       Paralysed         |       |     2 ||     2
Armor: Leather armour    |    35 |    10 ||    45
Dodge: Dodged            |    70 |    38 ||   108
